 Dungeon Crawl Stone Soup version 0.28.0-53-g5a82cb258f (webtiles) character file.

Game seed: 3771186648186428838

1290 Atelerd the Digger (level 8, -1/46 HPs)
             Began as an Octopode Earth Elementalist on July 17, 2022.
             Was an Initiate of Sif Muna.
             Succumbed to a gnoll sergeant's poison
             ... on level 4 of the Dungeon.
             The game lasted 00:08:53 (6830 turns).

Atelerd the Digger (Octopode Earth Elementalist)    Turns: 6830, Time: 00:08:54

Health: -1/46      AC:  5    Str: 13    XL:     8   Next: 55%
Magic:  2/15       EV: 14    Int: 20    God:    Sif Muna [......]
Gold:   255        SH:  5    Dex: 12    Spells: 8/16 levels left

rFire   . . .      SeeInvis .   c - +2 dagger (freeze)
rCold   . . .      Faith    .   (no shield)
rNeg    . . .      Spirit   .   (helmet restricted)
rPois   .          Reflect  +   j - amulet of reflection
rElec   .          Harm     .   f - ring of willpower
rCorr   .          Rampage  .   i - +6 ring of strength
Will    +....                   n - +4 ring of protection
Stlth   +++++.....              (no ring)
HPRegen 0.15/turn               (no ring)
MPRegen 0.14/turn               (no ring)
                                (no ring)
                                (no ring)

@: lethally poisoned (-1 -> -17), hasted, very quick
A: almost no armour, amphibious, 8 rings, camouflage 1, gelatinous body 1,
nimble swimmer 1, tentacles
a: Renounce Religion


You were on level 4 of the Dungeon.
You worshipped Sif Muna.
Sif Muna was noncommittal.
You visited 2 branches of the dungeon, and saw 6 of its levels.

You collected 255 gold pieces.

Inventory:

Hand Weapons
 c - a +2 dagger of freezing (weapon)
Missiles
 q - 14 stones
Jewellery
 f - a ring of willpower (left tentacle)
 i - a +6 ring of strength (right tentacle)
 j - an amulet of reflection (around mantle)
 n - a +4 ring of protection (on tentacle)
Wands
 r - a wand of acid (5)
Scrolls
 a - 5 scrolls of identify {unknown}
 d - 3 scrolls of fog {unknown}
 e - 8 scrolls of teleportation {unknown}
 g - a scroll of immolation {unknown}
 h - a scroll of vulnerability {unknown}
 o - a scroll of enchant weapon {unknown}
Potions
 b - a potion of degeneration {unknown}
 k - a potion of curing {unknown}
 l - a potion of haste
 m - a potion of ambrosia {unknown}
 p - a potion of brilliance {unknown}
 s - a potion of cancellation {unknown}
 t - a potion of invisibility {unknown}
 u - a potion of heal wounds {unknown}


   Skills:
 - Level 0.1 Fighting
 - Level 2.0 Short Blades
 + Level 4.2 Dodging
 - Level 5.0 Stealth
 - Level 0.2 Unarmed Combat
 + Level 4.8 Spellcasting
 - Level 5.0 Transmutations
 + Level 5.6 Earth Magic


You had 8 spell levels left.
You knew the following spells:

 Your Spells              Type           Power      Damage    Failure   Level
a - Sandblast             Erth           54%        2d13      1%          1
p - Petrify               Tmut/Erth      26%        N/A       13%         4
r - Stone Arrow           Conj/Erth      32%        3d9       11%         3

Your spell library contained the following spells:

 Spells                   Type           Power      Damage    Failure   Level
 Passwall                 Tmut/Erth      21%        N/A       1%          2
 Frozen Ramparts          Ice            8%         1d2       34%         3
 Ice Form                 Ice/Tmut       14%        N/A       38%         4
 Summon Ice Beast         Ice/Summ       4%         N/A       75%         4


Dungeon Overview and Level Annotations

Branches:
Dungeon (5/15)             Temple (1/1) D:4

Altars:
Ashenzari
Dithmenos
Elyvilon
Fedhas
Gozag
Hepliaklqana
Makhleb
Nemelex Xobeh
Okawaru
Qazlal
Ru
Sif Muna
Trog
Uskayaw
Vehumet
Wu Jian
Zin
The Shining One

Shops:
D:1 :   D:5 [

Annotations:
D:2 exclusion: downstairs
D:5 2 transporters, Lemuel's ghost, amateur MiFi


Innate Abilities, Weirdness & Mutations

You cannot wear most types of armour.
You are amphibious.
You can wear up to eight rings at the same time.
Your skin changes colour to match your surroundings (Stealth+).
Your rubbery body absorbs attacks. (AC +1, EV +1)
You are camouflaged when in or above water. (Stealth+)
You have tentacles for arms and can constrict up to eight enemies at once.


Message History

Nothing appears to happen.
You block the gnoll's attack.
Casting: Stone Arrow (dangerous; 11% risk of failure)
Confirm with . or Enter, or press ? or * to list all spells.
You don't have enough magic to cast this spell.
Unknown command.
Casting: Stone Arrow (dangerous; 11% risk of failure)
Confirm with . or Enter, or press ? or * to list all spells.
You don't have enough magic to cast this spell.
Unknown command.
The gnoll barely misses you.
You closely miss the gnoll. You grab the gnoll. You squeeze the gnoll.
The gnoll is moderately wounded.
You constrict the gnoll. You completely miss the gnoll. You squeeze the gnoll.
The gnoll is severely wounded.
You constrict the gnoll. The gnoll hits you with a +0 spear.
You hit the gnoll. You freeze the gnoll.
You kill the gnoll!
Sif Muna accepts your kill. The gnoll hits you but does no damage.
The gnoll barely misses you.
You barely miss the gnoll sergeant. Your grab misses the gnoll sergeant.
The gnoll sergeant hits you with a +1 spear of venom!
You are poisoned.
You block the gnoll's attack.
Unknown command.
You feel very sick.
The gnoll sergeant hits you from afar with a +1 spear of venom!
You are lethally poisoned!
* * * LOW HITPOINT WARNING * * *
You feel extremely sick.
* * * LOW HITPOINT WARNING * * *
You feel very sick.
Unknown command.
* * * LOW HITPOINT WARNING * * *
You feel very sick.
Your magical contamination has completely faded away.
There is a lethal amount of poison in your body!
It was a potion of haste.
You feel yourself speed up.
You die...

######### ########
........#######..)...#####
................≈≈≈≈g≈≈≈≈#
.....####.....##≈##≈.≈##≈#
.....# #.....##@###g## ≈#
#....####.....##≈≈#..)# ≈#
#.####.#.###....≈≈#...#≈≈#
#.# #.#.## #....≈≈#.?[#≈≈##
#.# ##.#.# #....≈#######≈.#
#.###.#÷####....≈##≈≈≈##≈.#
#....####.....##≈≈≈≈≈≈≈≈≈.#
#....# #[....#####o..#.o.#
.....####.....#####.#.#...#


There were no monsters in sight!

Vanquished Creatures
  Grinder (D:5)
  Eustachio (D:5)
  Edmund (D:4)
  An ice beast (D:5)
  Blork the orc (D:4)
  A wyvern skeleton (D:5)
  4 orc priests
  2 hounds (D:4)
  2 jellies (D:3)
  2 iguanas
  3 orc wizards
  11 gnolls
  A howler monkey skeleton (D:4)
  3 adders
  An ufetubus (D:5)
  An adder skeleton (D:4)
  A worm (D:3)
  3 dart slugs
  13 orcs
  5 bats
  5 endoplasms
  5 giant cockroaches
  11 goblins
  2 hobgoblins
  6 jackals
  7 kobolds
  2 quokkas
  9 ball pythons
  2 frilled lizards (D:1)
  4 rats
111 creatures vanquished.

Vanquished Creatures (others)
  7 plants (D:1)
7 creatures vanquished.

Grand Total: 118 creatures vanquished

Notes
Turn   | Place    | Note
-------+----------+-------------------------------------------
     0 | D:1      | Atelerd the Octopode Earth Elementalist began the quest for
                  | the Orb.
     0 | D:1      | Reached XP level 1. HP: 11/11 MP: 3/3
    83 | D:1      | Reached XP level 2. HP: 2/17 MP: 0/5
   724 | D:1      | Found a blossoming altar of Fedhas.
   828 | D:1      | Found Gikliuxt's Book Boutique.
  1036 | D:1      | Reached XP level 3. HP: 21/21 MP: 6/6
  1317 | D:1      | Found a faded altar of an unknown god.
  1469 | D:2      | Reached XP level 4. HP: 23/27 MP: 1/8
  2338 | D:3      | Reached XP level 5. HP: 13/31 MP: 7/9
  2882 | D:3      | Reached XP level 6. HP: 22/36 MP: 7/11
  3779 | D:4      | Found a broken altar of Ashenzari.
  3884 | D:4      | Learned a level 4 spell: Petrify
  4206 | D:4      | Noticed Edmund
  4223 | D:4      | Killed Edmund
  4275 | D:4      | Found a staircase to the Ecumenical Temple.
  4298 | Temple   | Entered the Ecumenical Temple
  4506 | Temple   | Became a worshipper of Sif Muna the Loreminder
  4548 | D:4      | Reached XP level 7. HP: 34/41 MP: 12/12
  4687 | D:4      | Noticed Blork the orc
  4697 | D:4      | Killed Blork the orc
  4698 | D:4      | Reached skill level 1 in Short Blades
  4957 | D:5      | Entered Level 5 of the Dungeon
  5539 | D:5      | Noticed Eustachio
  5553 | D:5      | Killed Eustachio
  5554 | D:5      | Reached skill level 5 in Transmutations
  5554 | D:5      | Reached skill level 5 in Earth Magic
  5554 | D:5      | Reached XP level 8. HP: 39/46 MP: 6/14
  5748 | D:5      | Found Teuggiho's Antique Armour Shoppe.
  5756 | D:5      | Found a glowing silver altar of Zin.
  5805 | D:5      | Noticed Grinder
  5814 | D:5      | Killed Grinder
  5815 | D:5      | Reached skill level 5 in Stealth
  5934 | D:5      | Found a transporter.
  5941 | D:5      | Noticed Lemuel's ghost (amateur MiFi)
  5975 | D:5      | Found a transporter.
  6000 | D:5      | Found a shadowy altar of Dithmenos.
  6004 | D:5      | Found a radiant altar of Vehumet.
  6004 | D:5      | Found a white marble altar of Elyvilon.
  6526 | D:3      | Learned a level 3 spell: Stone Arrow
  6829 | D:4      | HP: 2/46 [poisoned by a gnoll sergeant]
  6830 | D:4      | Succumbed to a gnoll sergeant's poison

Illustrated notes

Levels and vault maps discovered:
D:1:      eino_arrival_water_cross, layout_basic,
          hellmonk_ecumenical_altar_pennies_from_heaven, serial_shops, shop,
          st_stairs_6, minmay_hexomino_r4
D:2:      layout_loops_ring, minivault_23
D:3:      layout_basic
D:4:      minmay_angry_zag, layout_basic, ashenzari_altar_1,
          minmay_temple_entry_antechambers, minivault_24, lightli_minifort,
          uniq_edmund, uniq_blork_the_orc
D:5:      layout_cave_pools, mainiacjoe_overflow_alcove_3, serial_shops,
          nicolae_shop_stone, gammafunk_ghost_stat_death, uniq_grinder,
          uniq_eustachio
Temple:   nicolae_temple_figure_eight

Skill      XL: |  1  2  3  4  5  6  7  8 |
---------------+-------------------------+-----
Transmutations | 2 3 4 5 |  5.0
Spellcasting   | 3 4 |  4.8
Earth Magic    | 4 5 |  5.6
Stealth        | 3 4 5 |  5.0
Short Blades   | 2 |  2.0
Dodging        | 3 4 |  4.2
Fighting       | |  0.1
Unarmed Combat | |  0.2

Action                   |  1- 3 |  4- 6 |  7- 9 || total
-------------------------+-------+-------+-------++-------
Melee: Unarmed           |     7 |       |       ||     7
       Tentacles         |     6 |    14 |    24 ||    44
       Constrict         |    10 |    12 |    20 ||    42
       Dagger            |    25 |    51 |    89 ||   165
       Punch             |       |     1 |     1 ||     2
 Cast: Sandblast         |    30 |    34 |    14 ||    78
       Petrify           |       |     2 |    13 ||    15
       Stone Arrow       |       |       |     4 ||     4
  Use: Potion            |       |       |     1 ||     1
 Stab: Sleeping          |     1 |     7 |     3 ||    11
       Distracted        |       |     1 |       ||     1
       Petrified         |       |    12 |    22 ||    34
Armor: Skin              |     4 |     6 |    12 ||    22
Dodge: Dodged            |    42 |    27 |    42 ||   111
Block: Other             |       |     3 |    11 ||    14
